General information
- name: BNet
- type: Ladder team game (AT/RT)
- host: Battle.net
- saver: OH_HI_MARK
map: Battleground
- players: 8
- length: 24:30
- speed: Fast
- version: 1.26 W3XP
- replay type: Public
» download(179 KB)
Players
team 1 (winner)
MrStealYourGirl (
purple | 40 APM | 536 actions | 13:27)
2 Blademaster
1 Wind Walk
1 Critical Strike
» actions
| Assign group hotkey | 12 | |
| Basic commands | 14 | |
| Build / train | 28 | |
| Enter build submenu | 20 | |
| Enter hero's abilities submenu | 2 | |
| Right click | 247 | |
| Select / deselect | 109 | |
| Select group hotkey | 65 | |
| Use ability | 39 | |
536 total
» units
» upgrades
» buildings
| Altar of Storms | 1 | |
| Orc Burrow | 6 | |
| Voodoo Lounge | 1 | |
| Stronghold | 1 | |
| War Mill | 1 | |
| Watch Tower | 7 | |
| Beastiary | 2 | |
19 total
» build order
00:38 Altar of Storms
00:47 Orc Burrow
01:55 Voodoo Lounge
02:32 Stronghold
02:41 Orc Burrow
02:53 Orc Burrow
02:57 Orc Burrow
03:22 War Mill
03:42 Orc Burrow
03:53 Orc Burrow
05:03 Watch Tower
05:05 Watch Tower
05:10 Beastiary
07:33 Watch Tower
07:43 Watch Tower
08:51 Watch Tower
08:57 Beastiary
11:01 Watch Tower
11:07 Watch Tower
» items

»
OH_H1_MARK (
green | 141 APM | 3456 actions | 24:29)
7 Death Knight
3 Death Coil
3 Unholy Aura
1 Animate Dead
» actions
| Assign group hotkey | 134 | |
| Basic commands | 441 | |
| Build / train | 65 | |
| ESC pressed | 1 | |
| Enter build submenu | 34 | |
| Enter hero's abilities submenu | 8 | |
| Right click | 1323 | |
| Select / deselect | 654 | |
| Select group hotkey | 620 | |
| Use ability | 176 | |
3456 total
» units
| Acolyte | 8 | |
| Ghoul | 3 | |
| Crypt Fiend | 12 | |
| Obsidian Statue | 2 | |
| Abomination | 5 | |
30 total
» upgrades
| Web | 1 | |
| Unholy Strength | 1 | |
| Unholy Armor | 1 | |
| Burrow | 1 | |
| Ghoul Frenzy | 1 | |
5 total
» buildings
| Crypt | 2 | |
| Altar of Darkness | 1 | |
| Ziggurat | 7 | |
| Graveyard | 1 | |
| Tomb of Relics | 2 | |
| Necropolis | 4 | |
| Halls of the Dead | 1 | |
| Nerubian Tower | 1 | |
| Spirit Tower | 1 | |
| Slaughterhouse | 8 | |
| Black Citadel | 1 | |
29 total
» build order
00:37 Crypt
00:40 Crypt
00:44 Altar of Darkness
00:48 Ziggurat
01:01 Graveyard
01:18 Tomb of Relics
01:19 Tomb of Relics
01:55 Ziggurat
01:57 Ziggurat
04:09 Necropolis
04:11 Necropolis
05:19 Halls of the Dead
05:46 Nerubian Tower
06:11 Spirit Tower
07:53 Slaughterhouse
07:54 Slaughterhouse
07:54 Slaughterhouse
07:56 Black Citadel
10:57 Slaughterhouse
10:59 Ziggurat
11:01 Ziggurat
14:24 Slaughterhouse
14:26 Slaughterhouse
15:08 Slaughterhouse
15:09 Slaughterhouse
15:41 Ziggurat
15:42 Ziggurat
17:39 Necropolis
23:12 Necropolis
» items
| Rod of Necromancy | 2 | |
| Potion of Healing | 2 | |
| Scroll of Speed | 1 | |
| Healing Salve | 1 | |
| Orb of Corruption | 1 | |
| Scroll of Healing | 2 | |
| Scroll of Town Portal | 1 | |
10 total
OH_HI_MARK (
pink | 66 APM | 1621 actions | 24:30)
6 Naga Sea Witch
3 Frost Arrows
2 Forked Lightning
1 Tornado
5 Keeper of the Grove
3 Entangling Roots
2 Thorns Aura
» actions
| Assign group hotkey | 87 | |
| Basic commands | 126 | |
| Build / train | 65 | |
| ESC pressed | 1 | |
| Enter build submenu | 17 | |
| Enter hero's abilities submenu | 13 | |
| Give item / drop item | 4 | |
| Right click | 595 | |
| Select / deselect | 378 | |
| Select group hotkey | 277 | |
| Use ability | 52 | |
1621 total
» units
» upgrades
| Ultravision | 1 | |
| Strength of the Moon | 3 | |
| Moon Armor | 3 | |
| Sentinel | 1 | |
| Well Spring | 1 | |
| Upgrade Moon Glaive | 1 | |
| Nature's Blessing | 1 | |
11 total
» buildings
| Altar of Elders | 1 | |
| Moon Well | 4 | |
| Ancient of War | 2 | |
| Hunter's Hall | 1 | |
| Tree of Ages | 1 | |
| Tree of Eternity | 1 | |
| Ancient of Wonders | 1 | |
11 total
» build order
00:05 Altar of Elders
00:13 Moon Well
00:17 Ancient of War
02:24 Hunter's Hall
02:53 Moon Well
03:48 Moon Well
03:51 Tree of Ages
04:27 Ancient of War
05:42 Moon Well
06:46 Tree of Eternity
11:00 Ancient of Wonders
» items
| Boots of Speed | 1 | |
| Potion of Healing | 2 | |
| Scroll of Town Portal | 1 | |
| Staff of Preservation | 1 | |
5 total

»
orangeuglad2cme (
teal | 48 APM | 1182 actions | 24:29)
7 Priestess of the Moon
3 Trueshot Aura
3 Searing Arrows
1 Starfall
2 Blademaster
1 Critical Strike
1 Wind Walk
» actions
| Assign group hotkey | 28 | |
| Basic commands | 10 | |
| Build / train | 55 | |
| Enter build submenu | 15 | |
| Enter hero's abilities submenu | 9 | |
| Give item / drop item | 1 | |
| Remove unit from queue | 1 | |
| Right click | 460 | |
| Select / deselect | 250 | |
| Select group hotkey | 319 | |
| Use ability | 34 | |
1182 total
» units
| Wisp | 10 | |
| Huntress | 6 | |
| Druid of the Talon | 5 | |
| Chimaera | 12 | |
33 total
» upgrades
| Strength of the Moon | 1 | |
| Strength of the Wild | 3 | |
| Corrosive Breath | 1 | |
5 total
» buildings
| Ancient of War | 1 | |
| Hunter's Hall | 1 | |
| Moon Well | 6 | |
| Altar of Elders | 1 | |
| Tree of Ages | 1 | |
| Ancient of Wonders | 1 | |
| Tree of Eternity | 1 | |
| Ancient of Wind | 1 | |
| Chimaera Roost | 3 | |
16 total
» build order
00:30 Ancient of War
00:45 Hunter's Hall
01:12 Moon Well
01:59 Moon Well
02:34 Altar of Elders
04:04 Tree of Ages
04:34 Moon Well
05:11 Moon Well
05:49 Ancient of Wonders
07:22 Tree of Eternity
07:31 Ancient of Wind
07:33 Moon Well
08:36 Moon Well
09:50 Chimaera Roost
09:53 Chimaera Roost
10:40 Chimaera Roost
» items
| Periapt of Vitality | 1 | |
| Scroll of Town Portal | 1 | |
| Orb of Venom | 1 | |
| Potion of Healing | 1 | |
4 total
team 2 (loser)

»
msjoh (
red | 85 APM | 1509 actions | 17:50)
4 Archmage
2 Summon Water Elemental
2 Brilliance Aura
3 Paladin
2 Holy Light
1 Devotion Aura
» actions
| Assign group hotkey | 60 | |
| Basic commands | 37 | |
| Build / train | 62 | |
| Enter build submenu | 23 | |
| Enter hero's abilities submenu | 7 | |
| Give item / drop item | 1 | |
| Right click | 509 | |
| Select / deselect | 272 | |
| Select group hotkey | 441 | |
| Use ability | 97 | |
1509 total
» units
| Peasant | 11 | |
| Footman | 9 | |
| Forest Troll Shadow Priest | 1 | |
| Forest Troll Berserker | 1 | |
| Spell Breaker | 2 | |
| Priest | 1 | |
25 total
» upgrades
| Masonry | 3 | |
| Lumber Harvesting | 1 | |
| Sorceress Training | 2 | |
| Priest Training | 2 | |
| Magic Sentry | 1 | |
| Control Magic | 1 | |
10 total
» buildings
| Altar of Kings | 1 | |
| Farm | 9 | |
| Barracks | 1 | |
| Scout Tower | 11 | |
| Arcane Vault | 1 | |
| Arcane Tower | 1 | |
| Lumber Mill | 1 | |
| Keep | 1 | |
| Guard Tower | 6 | |
| Arcane Sanctum | 3 | |
| Castle | 1 | |
36 total
» build order
00:30 Altar of Kings
00:36 Farm
01:00 Barracks
01:22 Farm
02:02 Scout Tower
02:19 Arcane Vault
02:39 Arcane Tower
02:45 Lumber Mill
03:07 Farm
03:08 Farm
04:10 Keep
04:46 Scout Tower
05:18 Guard Tower
05:23 Scout Tower
06:02 Guard Tower
06:41 Arcane Sanctum
06:52 Arcane Sanctum
06:57 Arcane Sanctum
07:32 Farm
09:24 Castle
10:03 Scout Tower
10:07 Scout Tower
10:08 Scout Tower
10:10 Scout Tower
10:12 Scout Tower
10:13 Scout Tower
10:13 Scout Tower
10:53 Guard Tower
11:55 Guard Tower
11:58 Farm
12:00 Farm
12:01 Farm
13:16 Guard Tower
14:23 Scout Tower
14:50 Farm
15:20 Guard Tower
» items
| Scroll of Regeneration | 2 | |
| Lesser Clarity Potion | 1 | |
| Boots of Speed | 1 | |
| Potion of Healing | 1 | |
| Potion of Mana | 1 | |
| Orb of Fire | 1 | |
| Scroll of Town Portal | 1 | |
8 total

»
mitch123 (
yellow | 25 APM | 445 actions | 17:59)
2 Mountain King
1 Storm Bolt
1 Bash
» actions
| Build / train | 43 | |
| Enter build submenu | 16 | |
| Enter hero's abilities submenu | 2 | |
| Remove unit from queue | 4 | |
| Right click | 171 | |
| Select / deselect | 176 | |
| Use ability | 33 | |
445 total
» units
| Peasant | 12 | |
| Footman | 5 | |
| Rifleman | 5 | |
| Gryphon Rider | 7 | |
29 total
» upgrades
| Gunpowder | 0 | |
| Swords | 2 | |
| Plating | 1 | |
| Storm Hammers | 1 | |
| Armor | 1 | |
5 total
» buildings
| Altar of Kings | 1 | |
| Farm | 10 | |
| Lumber Mill | 1 | |
| Barracks | 1 | |
| Keep | 1 | |
| Blacksmith | 1 | |
| Gryphon Aviary | 2 | |
| Castle | 1 | |
18 total
» build order
00:21 Altar of Kings
00:23 Farm
00:32 Lumber Mill
01:49 Farm
02:29 Barracks
03:46 Farm
03:50 Keep
03:52 Farm
04:17 Blacksmith
05:00 Farm
07:21 Gryphon Aviary
07:47 Castle
07:58 Farm
09:14 Gryphon Aviary
14:26 Farm
14:30 Farm
14:31 Farm
14:32 Farm

»
OH_Hl_MARK (
orange | 49 APM | 1198 actions | 24:29)
5 Keeper of the Grove
3 Entangling Roots
2 Thorns Aura
» actions
| Assign group hotkey | 163 | |
| Basic commands | 86 | |
| Build / train | 56 | |
| ESC pressed | 9 | |
| Enter build submenu | 19 | |
| Enter hero's abilities submenu | 5 | |
| Give item / drop item | 1 | |
| Right click | 357 | |
| Select / deselect | 214 | |
| Select group hotkey | 184 | |
| Use ability | 104 | |
1198 total
» units
| Wisp | 13 | |
| Archer | 2 | |
| Huntress | 4 | |
| Glaive Thrower | 2 | |
| Dryad | 9 | |
| Druid of the Claw | 3 | |
33 total
» upgrades
| Strength of the Moon | 1 | |
| Moon Armor | 1 | |
| Sentinel | 1 | |
| Abolish Magic | 1 | |
| Druid of the Claw Training | 1 | |
| Strength of the Wild | 1 | |
| Ultravision | 1 | |
7 total
» buildings
| Moon Well | 7 | |
| Altar of Elders | 1 | |
| Ancient of War | 2 | |
| Hunter's Hall | 1 | |
| Tree of Ages | 1 | |
| Ancient of Wonders | 1 | |
| Ancient of Lore | 3 | |
| Tree of Eternity | 1 | |
| Scout Tower | 2 | |
19 total
» build order
00:22 Moon Well
00:50 Altar of Elders
01:04 Ancient of War
01:33 Moon Well
02:14 Hunter's Hall
02:39 Ancient of War
03:14 Moon Well
04:24 Tree of Ages
05:25 Moon Well
07:17 Ancient of Wonders
07:22 Ancient of Lore
07:26 Ancient of Lore
07:32 Ancient of Lore
13:59 Tree of Eternity
16:58 Moon Well
17:13 Moon Well
17:20 Moon Well
19:18 Scout Tower
19:23 Scout Tower
» items
| Dust of Appearance | 1 | |
| Scroll of Town Portal | 2 | |
| Potion of Healing | 2 | |
| Moonstone | 1 | |
| Lesser Clarity Potion | 1 | |
| Potion of Mana | 1 | |
8 total
dotacrusher (
blue | 63 APM | 1542 actions | 24:29)
5 Death Knight
2 Death Coil
3 Unholy Aura
» actions
| Assign group hotkey | 31 | |
| Basic commands | 122 | |
| Build / train | 54 | |
| Enter build submenu | 18 | |
| Enter hero's abilities submenu | 5 | |
| Give item / drop item | 3 | |
| Remove unit from queue | 2 | |
| Right click | 514 | |
| Select / deselect | 340 | |
| Select group hotkey | 404 | |
| Use ability | 49 | |
1542 total
» units
| Acolyte | 3 | |
| Ghoul | 3 | |
| Crypt Fiend | 14 | |
| Forest Troll Shadow Priest | 1 | |
| Ogre Mauler | 1 | |
| Forest Troll Berserker | 1 | |
| Frost Wyrm | 3 | |
26 total
» upgrades
| Web | 1 | |
| Creature Carapace | 1 | |
| Creature Attack | 1 | |
3 total
» buildings
| Ziggurat | 9 | |
| Altar of Darkness | 2 | |
| Crypt | 2 | |
| Graveyard | 1 | |
| Tomb of Relics | 2 | |
| Nerubian Tower | 3 | |
| Spirit Tower | 2 | |
| Halls of the Dead | 1 | |
| Sacrificial Pit | 1 | |
| Black Citadel | 1 | |
| Boneyard | 2 | |
26 total
» build order
00:40 Ziggurat
00:42 Altar of Darkness
00:48 Crypt
01:19 Graveyard
01:30 Ziggurat
02:22 Tomb of Relics
05:19 Ziggurat
05:21 Ziggurat
07:40 Nerubian Tower
07:41 Spirit Tower
07:44 Halls of the Dead
08:29 Ziggurat
08:30 Ziggurat
08:34 Ziggurat
08:35 Crypt
09:48 Tomb of Relics
11:35 Altar of Darkness
11:41 Sacrificial Pit
13:13 Black Citadel
15:55 Boneyard
15:57 Boneyard
20:54 Ziggurat
20:54 Ziggurat
22:23 Nerubian Tower
22:24 Spirit Tower
22:25 Nerubian Tower
» items
| Rod of Necromancy | 3 | |
| Scroll of Town Portal | 1 | |
| Dust of Appearance | 1 | |
| Potion of Healing | 2 | |
| Potion of Mana | 1 | |
| Scroll of Healing | 1 | |
| Orb of Corruption | 1 | |
10 total
Chat log
(00:09 / All) OH_HI_MARK: I DID NOT HIT HER
(00:10 / All) OH_Hl_MARK: ALL ON MY LONESOME
(00:11 / Allies) orangeuglad2cme: mass rush duel rax?
(00:15 / All) OH_H1_MARK: YOU DUN GOOFED
(00:21 / Allies) OH_H1_MARK: Fiend/DK.
(00:22 / All) OH_HI_MARK: ITS' NOT TRUE
(00:26 / All) OH_HI_MARK: IT'S BULLSHIT I DID NOT HIT HER
(00:29 / All) OH_HI_MARK: I DID NAAAAAAAAAAAAHHHHHHHHHHHT
(00:30 / All) OH_HI_MARK:
(00:32 / Allies) orangeuglad2cme: hunts
(00:47 / All) OH_Hl_MARK: THE CONSEQUENCES WILL NEVER BE THE SAME
(00:55 / All) mitch123: ?
(00:56 / All) OH_H1_MARK: Oh my!
(01:06 / Allies) MrStealYourGirl: what is going on here?\
(01:13 / All) OH_H1_MARK: We are hacking your internets!
(01:14 / Allies) orangeuglad2cme: rush
(01:15 / All) OH_H1_MARK: Auhaeuehauheauheuahuh XD
(01:19 / All) OH_Hl_MARK: O NOEZ
(01:22 / All) mitch123: k
(01:25 / All) OH_Hl_MARK: WTF GET OUT HACKARZZZZZZZZZZZZZ
(01:30 / All) mitch123: dumbass
(01:36 / All) OH_H1_MARK: Don't you call orange a dumbass.
(01:36 / All) orangeuglad2cme: ^
(01:39 / All) OH_H1_MARK: YOU'RE the dumbass.
(01:42 / Allies) MrStealYourGirl: yeah
(01:53 / All) mitch123: fuck you
(02:00 / All) OH_H1_MARK: Piss off.
(02:06 / All) mitch123: git.
(02:07 / All) OH_H1_MARK: You probably live in a red state.
(02:08 / All) OH_H1_MARK: ROFL
(02:18 / All) mitch123: MI
(02:25 / All) OH_H1_MARK: Oh, even better.
(02:29 / All) orangeuglad2cme: i live in mi
(02:29 / All) OH_Hl_MARK: I NO HAVE YOUR SHIRT
(02:34 / All) OH_Hl_MARK: YOU YES HAVE MY SHIRT
(02:48 / All) OH_H1_MARK: Must suck living in a state where your win-loss percentage will never trump unemployment.
(02:56 / All) OH_Hl_MARK: OH SNAP
(03:01 / All) orangeuglad2cme: i hate michigan
(03:06 / All) orangeuglad2cme: i just live here
(03:09 / All) mitch123: same
(03:31 / All) OH_H1_MARK: I understand.
(03:35 / All) OH_Hl_MARK: WTF GHETTO
(03:52 / All) orangeuglad2cme: and if ur referring to the wolverines........ima diehard spartan fan so fuck blue
(04:08 / All) mitch123: yeaa state is were its at
(04:19 / All) OH_H1_MARK: Michigan University System.
(04:20 / All) OH_H1_MARK: Irony.
(04:26 / All) orangeuglad2cme: ?
(04:32 / All) OH_H1_MARK: You heard me.
(04:33 / All) OH_HI_MARK: i'm on the phone for most of this game lol
(04:39 / All) OH_H1_MARK: I'm playing on a smurf account so everything I say is important.
(04:43 / All) mitch123: get off ur walmart connection green. u probs live in a box.
(04:50 / All) OH_HI_MARK: not even reading the chat log so I dunno what's going on at all lol
(05:10 / All) mitch123: well green is a retard..
(05:15 / All) mitch123: lol
(05:19 / Allies) OH_HI_MARK: lol
(05:21 / All) OH_H1_MARK: How so?
(06:04 / Allies) MrStealYourGirl: help
(06:05 / Allies) OH_H1_MARK: Brt.
(06:13 / Allies) orangeuglad2cme: brt
(06:23 / Allies) orangeuglad2cme: tp
(06:58 / All) OH_H1_MARK: Nice job.
(07:22 / Allies) MrStealYourGirl: ty
(07:56 / Allies) orangeuglad2cme: main
(08:03 / Allies) OH_H1_MARK: This is more fun.
(08:07 / All) OH_HI_MARK: still been on phone the entire game
(08:12 / All) OH_HI_MARK: no clue what's happening
(08:33 / Allies) OH_H1_MARK: One more after this.
(08:38 / All) OH_H1_MARK: One more after this.
(08:46 / All) OH_Hl_MARK: k
(08:47 / All) mitch123: how is there 2 of the ame name?
(08:52 / All) OH_H1_MARK: rofl
(08:55 / All) OH_HI_MARK: i dunno whos ghetto and teelo
(08:57 / All) OH_HI_MARK: Lol
(09:05 / All) OH_Hl_MARK: im teelo
(09:12 / All) OH_H1_MARK: Yellow, it's an ILLUSIONNNN!
(09:15 / All) OH_HI_MARK: ok
(09:34 / All) mitch123: green HI is a 1
(09:43 / All) mitch123: get out green
(09:45 / All) mitch123: sho!!
(09:47 / All) OH_H1_MARK: Make me.
(10:42 / All) OH_H1_MARK: Oh my.
(11:45 / Allies) orangeuglad2cme: TP
(11:57 / Allies) OH_HI_MARK: no tp
(13:36 / Allies) orangeuglad2cme: y leave?
(13:42 / All) OH_HI_MARK: dunno
(13:42 / Allies) OH_H1_MARK: Becaue he was worthless.
(14:02 / All) OH_H1_MARK: Instead of sending all his Bats into those Gryphons, he suicided all the Bats into red's base.
(14:17 / All) OH_H1_MARK: Four vs. Four Random Team should be known as Major League Darwin.
(14:23 / All) OH_HI_MARK: LOL
(14:28 / All) OH_Hl_MARK: lol
(14:56 / Allies) orangeuglad2cme: alter
(15:02 / Allies) orangeuglad2cme: nvm
(15:35 / All) OH_H1_MARK: Undefeated as usual.
(15:53 / All) OH_HI_MARK: Finally finished the phone conversation that started at the beginning of this game rofl
(15:56 / All) OH_H1_MARK: By the way, I lied about that second game.
(16:01 / All) OH_HI_MARK: did we win?
(16:07 / All) OH_H1_MARK: We're going to.
(16:14 / All) OH_HI_MARK: oh neat
(16:18 / All) OH_HI_MARK: I've mostly been pure hunts all game
(16:22 / All) OH_HI_MARK: Lol
(16:25 / All) OH_H1_MARK: Cecil Style™.
(16:33 / All) OH_HI_MARK: probably ran a lot of them into creeps
(16:38 / All) OH_HI_MARK: soundsl ike something i'd do
(17:04 / All) orangeuglad2cme: gg
(17:10 / All) OH_H1_MARK: I carried you.
(17:11 / All) OH_H1_MARK: Be quiet.
(17:36 / All) OH_H1_MARK: Thanks, sweety.
(17:38 / All) orangeuglad2cme: lol
(17:42 / All) orangeuglad2cme: at red
(17:45 / All) msjoh: gg
(17:47 / All) OH_H1_MARK: gg
(17:54 / All) OH_HI_MARK: Awwww yeah
(17:56 / All) OH_HI_MARK: Got a tornado
(18:03 / All) OH_H1_MARK: That's just rubbing it in.
(18:05 / All) OH_Hl_MARK: gg ghetto
(18:08 / All) OH_H1_MARK: Ggs.
(18:10 / All) OH_HI_MARK: it's just i rarely get to level 6
(18:11 / All) OH_H1_MARK: I'll catch you guys later.
(18:14 / All) OH_HI_MARK: specially not with a naga
(18:16 / All) OH_HI_MARK: k
(18:17 / All) OH_HI_MARK: gg
(18:28 / All) OH_H1_MARK: 'Cause I'm a Freep.
(18:30 / All) OH_H1_MARK: I'm a weirdo...
(18:34 / All) OH_H1_MARK: Why the hell am I posting here?
(18:37 / All) OH_HI_MARK: ROFL
(18:55 / All) OH_H1_MARK: I presume you know what I'm referring to?
(18:58 / All) OH_HI_MARK: yeah lol
(19:04 / All) dotacrusher: take red first
(19:05 / All) dotacrusher: lol
(19:09 / All) dotacrusher: ill fight later
(19:26 / All) OH_H1_MARK: Understood.
(20:10 / All) OH_H1_MARK: Like I give a crap.
(20:14 / All) orangeuglad2cme: Lol
(20:24 / All) OH_HI_MARK: damn
(20:34 / All) OH_HI_MARK: it's really hard to kill frost wyrms with hunts
(20:50 / All) OH_H1_MARK: Okay, this got a bit easier.
(21:09 / All) OH_HI_MARK: can you leave, I wanna see what quirky 3-unit cominbations people came up with
(21:22 / All) OH_HI_MARK: :P
(21:23 / All) OH_Hl_MARK: yeah ill leave after blue
(21:26 / All) OH_H1_MARK: Can you leave, I have to save this replay and hand it in for Show and Tell tomorrow.
(21:32 / All) OH_HI_MARK: lol
(21:34 / All) OH_Hl_MARK: i went solo kotg
(21:34 / All) orangeuglad2cme: Lol
(21:44 / All) OH_Hl_MARK: all i know is one hero :P
(21:56 / All) dotacrusher: come at me one at a time
(22:07 / All) OH_H1_MARK: Okay!!!
(22:29 / All) OH_H1_MARK: How about this?
(22:42 / All) dotacrusher: how will we be able to play again tog.?
(22:43 / All) OH_H1_MARK: You trade me the Alphabet and I'll give you Fishing, Mysticism, and Animal Husbandry.
(22:44 / All) orangeuglad2cme: u suck blewww
(22:54 / All) OH_H1_MARK: Oh, I'm out after this.
(22:58 / All) OH_H1_MARK: Talk to them if you want to match up again.
(23:00 / All) dotacrusher: oh ok
(23:01 / All) OH_Hl_MARK: youre always out after one game
(23:07 / All) OH_H1_MARK: I have a life.
(23:09 / All) OH_H1_MARK: That is, a blog.
(23:11 / All) OH_HI_MARK: im out too actually
(23:16 / All) OH_HI_MARK: I don't have a life or a blog though
(23:23 / All) OH_Hl_MARK: lolblog
(23:29 / All) dotacrusher: fuckin lag
(23:34 / All) orangeuglad2cme: gg nooob
(23:37 / All) OH_HI_MARK: Your computer can't handle a tornado?
(23:39 / All) OH_Hl_MARK: ur a fuckin fag
(23:39 / All) dotacrusher: one at at time
(23:49 / All) OH_H1_MARK: No thanks, that would be cheating.
(24:17 / All) dotacrusher: gg all
(24:18 / All) OH_HI_MARK: gg
(24:19 / All) OH_H1_MARK: ggs
(24:21 / All) orangeuglad2cme: not to u
(24:24 / All) orangeuglad2cme: lol
(24:26 / All) OH_HI_MARK: lol